Map: Orbital Shipyard

Players

Lemmons

  • Race: Zerg Zerg
  • League: Silver

Eschtl - Winner!

  • Race: Protoss Protoss
  • League: Gold

VOD

Have the link to the VOD?

Description

Time

  • Played on: Sept. 28, 2015, 12:59 p.m.
  • Length: 8:31
Show
View Real Time Build Order
Export as new Build Order

Lemmons Zerg 

Build Orders: Hatch First 

Get SALT Encoding   

  12  0:01  Drone  
  13  0:08  Drone  
  14  0:17  Overlord  
  14  0:36  Drone x3  
  17  0:47  Drone  
  18  1:01  Drone  
  19  1:05  Hatchery  
  18  1:19  Drone  
  18  1:20  Drone, Spawning Pool  
  19  1:40  Drone  
  19  1:41  Drone  
  19  1:43  Extractor  
  20  1:56  Drone  
  21  2:08  Overlord  
  21  2:16  Queen  
  21  2:19  Queen  
  21  2:20  Drone  
  26  2:28  Drone x2  
  28  2:34  Drone, Extractor  
  28  2:46  Drone, Roach Warren  
  28  2:51  Metabolic Boost  
  28  2:56  Drone x3  
  31  3:02  Spore Crawler  
  30  3:07  Drone, Spore Crawler  
  30  3:08  Drone x2  
  32  3:17  Drone  
  32  3:19  Overlord  
  33  3:30  Drone x3  
  33  3:32  Overlord  
  36  3:43  Drone  
  36  3:44  Drone x5  
  36  3:47  Extractor  
  41  3:53  Spine Crawler  
  40  3:56  Spine Crawler  
  39  4:03  Zergling x8  
  39  4:06  Lair  
  43  4:12  Drone x3  
  43  4:13  Drone x2  
  48  4:26  Drone x3  
  48  4:29  Evolution Chamber  
  48  4:30  Evolution Chamber  
  49  4:50  Roach  
  49  4:51  Overlord x3  
  49  4:52  Overlord  
  51  4:58  Drone x2, Extractor  
  52  5:08  Zerg Missile Weapons Level 1, Zerg Ground Armor Level 1  
  52  5:11  Roach x2  
  56  5:15  Hatchery  
  56  5:16  Drone x2  
  56  5:17  Drone  
  58  5:38  Roach x6  
  58  5:39  Roach x2  
  74  6:05  Zergling x14  
  74  6:06  Zergling x6  
  83  6:29  Roach  
  68  6:48  Roach  
  68  6:49  Roach x5  
  80  6:56  Glial Reconstitution  
  80  6:57  Hydralisk Den  
  77  7:20  Roach  
  77  7:21  Roach x2  
  77  7:22  Overlord x3  
  83  7:37  Overlord x2  
  83  7:38  Overlord x2  
  83  7:42  Hydralisk x2  
  83  7:43  Hydralisk x4  
  77  8:01  Zergling x2  
  77  8:02  Zergling x18  
Show
View Real Time Build Order
Export as new Build Order

Eschtl Protoss - Winner!

Build Orders: Nexus First 

Get SALT Encoding   

  12  0:00  Probe (Chrono Boost)  
  13  0:10  Probe (Chrono Boost)  
  14  0:20  Probe (Chrono Boost)  
  15  0:30  Pylon  
  15  0:52  Nexus  
  15  0:56  Probe (Chrono Boost)  
  16  1:06  Probe (Chrono Boost)  
  17  1:16  Gateway  
  17  1:17  Probe (Chrono Boost)  
  18  1:23  Pylon  
  18  1:27  Probe (Chrono Boost)  
  19  1:33  Assimilator  
  19  1:37  Assimilator  
  19  1:40  Probe (Chrono Boost)  
  20  1:50  Probe (Chrono Boost)  
  21  2:03  Cybernetics Core  
  21  2:04  Gateway  
  21  2:06  Probe (Chrono Boost)  
  22  2:11  Probe (Chrono Boost)  
  23  2:16  Probe (Chrono Boost)  
  23  2:21  Probe (Chrono Boost)  
  25  2:25  Zealot  
  25  2:28  Probe (Chrono Boost)  
  28  2:32  Probe (Chrono Boost)  
  29  2:40  Warp Gate  
  29  2:41  Mothership Core (Chrono Boost)  
  29  2:44  Probe (Chrono Boost)  
  32  2:52  Sentry, Pylon  
  32  2:57  Probe (Chrono Boost)  
  35  3:02  Probe (Chrono Boost)  
  36  3:08  Probe (Chrono Boost)  
  37  3:13  Robotics Facility  
  37  3:14  Probe (Chrono Boost)  
  37  3:18  Probe (Chrono Boost)  
  39  3:26  Probe (Chrono Boost)  
  40  3:28  Sentry  
  40  3:31  Assimilator  
  40  3:32  Probe (Chrono Boost)  
  43  3:40  Gateway  
  43  3:42  Gateway  
  43  3:44  Gateway  
  43  3:45  Probe (Chrono Boost)  
  43  3:46  Probe (Chrono Boost)  
  45  3:51  Sentry  
  45  3:55  Probe (Chrono Boost)  
  47  3:57  Probe (Chrono Boost)  
  47  3:59  Pylon  
  49  4:03  Forge  
  49  4:07  Probe (Chrono Boost), Observer  
  51  4:16  Probe (Chrono Boost), Assimilator  
  52  4:27  Probe (Chrono Boost), Gateway  
  52  4:29  Gateway, Protoss Ground Weapons Level 1 (Chrono Boost)  
  52  4:31  Gateway  
  52  4:38  Warp Prism  
  52  4:39  Probe x2 (Chrono Boost)  
  54  4:51  Probe  
  57  4:52  Stalker  
  57  4:54  Sentry  
  61  5:34  Pylon  
  61  5:37  Pylon  
  61  5:40  Pylon  
  61  5:42  Pylon  
  61  5:45  Immortal  
  61  5:53  Stalker x2  
  69  6:00  Stalker x3  
  69  6:02  Stalker x3  
  60  6:21  Zealot x2  
  60  6:23  Zealot x2  
  60  6:24  Zealot  
  69  6:26  Stalker x2  
  73  6:34  Zealot  
  63  6:46  Stalker  
  63  6:47  Stalker  
  65  6:58  Probe x2  
  67  7:02  Zealot x2  
  71  7:15  Stalker  
  73  7:32  Sentry x3  
  73  7:35  Zealot  
  79  7:48  Stalker x2  
  77  7:58  Stalker  
  75  8:10  Stalker x2  
  79  8:13  Probe  
  78  8:22  Zealot  
Tags
 
Add a new tag
Caveats
  • Supply blocks, unpowered buildings, or Contaminate may cause inaccurate times.
  • Supply counts are checked every 10 seconds.